TOP OF THE 1ST |
Rio Grande Rattlesnake batting - Pitching for Penquannock Overrated Jeter : LHP Héctor Díaz
|
Pitching: LHP Héctor Díaz
|
|
Batting: RHB Doug Delaney
|
0-0: Called Strike 0-1: Ball 1-1: Ball 2-1: Foul Ball, location: 2F 2-2: Ball 3-2: DOUBLE (Groundball, 3L)
|
Batting: RHB Gary Thomas
|
0-0: Ball 1-0: Foul Ball, location: 2F 1-1: Ball 2-1: Fly out, F9 (Flyball, 9LM)
|
Batting: RHB Paul Martin
|
0-0: Called Strike 0-1: Ball 1-1: Called Strike 1-2: Ball 2-2: Ball 3-2: Base on Balls
|
Batting: RHB Liangde Que
|
0-0: Called Strike 0-1: Ball Doug Delaney steals 3rd base Paul Martin to second 1-1: Swinging Strike 1-2: Fly out, F8 (Flyball, 8RS) Runner from 3rd tags up, SCORES, no throw
|
Batting: RHB Joe Courtier
|
0-0: Ball 1-0: Ball 2-0: Ball 3-0: Base on Balls
|
Batting: RHB Rafael Carreón
|
0-0: Called Strike 0-1: Foul Ball, location: 2F 0-2: Ball 1-2: Ball 2-2: DOUBLE (Groundball, 5L) Paul Martin scores Joe Courtier to third Runner from 3rd tries for Home, SAFE, no throw
|
Batting: RHB Jeff Bane
|
0-0: Called Strike 0-1: Ground out 5-3 (Groundball, 56S)
|
Top of the 1st over - 3 run(s), 2 hit(s), 0 error(s), 1 left on base; Rio Grande 3 - Penquannock 0 |
BOTTOM OF THE 1ST |
Penquannock Overrated Jeter batting - Pitching for Rio Grande Rattlesnake : RHP Neil Snow
|
Pitching: RHP Neil Snow
|
|
Batting: SHB Bob Noble
|
0-0: Ball 1-0: Called Strike 1-1: SINGLE (Groundball, 25) (infield hit)
|
Batting: RHB Doug Brown
|
0-0: Swinging Strike 0-1: Ball 1-1: Ball Bob Noble is caught stealing 2nd base 2-1: SINGLE (Groundball, 6MD)
|
Batting: RHB Armando Pagán
|
0-0: Called Strike 0-1: Swinging Strike 0-2: Ball 1-2: Ball 2-2: Foul Ball, location: 2F 2-2: Foul Ball, location: 2F 2-2: SINGLE (Flyball, 78S) Doug Brown to second
|
Batting: SHB Tim Reid
|
0-0: Ball 1-0: Swinging Strike 1-1: Foul Ball, location: 2F 1-2: Ball 2-2: Foul Ball, location: 2F 2-2: Strikes out looking
|
Batting: LHB Tony Green
|
0-0: Called Strike 0-1: Ball 1-1: Called Strike 1-2: Ball 2-2: Ball 3-2: Foul Ball, location: 2F 3-2: Foul Ball, location: 2F 3-2: Fly out, F7 (Flyball, 7LMF)
|
Bottom of the 1st over - 0 run(s), 3 hit(s), 0 error(s), 2 left on base; Rio Grande 3 - Penquannock 0 |
TOP OF THE 2ND |
Rio Grande Rattlesnake batting - Pitching for Penquannock Overrated Jeter : LHP Héctor Díaz
|
Batting: RHB Juan López
|
0-0: Ball 1-0: Swinging Strike 1-1: DOUBLE (Line Drive, 78M)
|
Batting: SHB Jeremy Holmes
|
0-0: Ball 1-0: Foul Ball, location: 2F 1-1: Ball 2-1: SINGLE (Line Drive, 78M) Juan López to third
|
Batting: RHB Doug Delaney
|
0-0: Ball 1-0: Fly out, F9 (Flyball, 9LSF) Runner from 3rd tags up, SCORES, no throw
|
Batting: RHB Gary Thomas
|
0-0: Ball 1-0: Fly out, F7 (Flyball, 78S)
|
Batting: RHB Paul Martin
|
0-0: Called Strike 0-1: Foul Ball, location: 2F 0-2: Strikes out looking
|
Top of the 2nd over - 1 run(s), 2 hit(s), 0 error(s), 1 left on base; Rio Grande 4 - Penquannock 0 |
BOTTOM OF THE 2ND |
Penquannock Overrated Jeter batting - Pitching for Rio Grande Rattlesnake : RHP Neil Snow
|
Batting: RHB Manny Perea
|
0-0: Ball 1-0: Called Strike 1-1: Foul Ball, location: 2F 1-2: Ball 2-2: Ball 3-2: Base on Balls
|
Batting: LHB Matt Reese
|
0-0: Ball 1-0: DOUBLE (Line Drive, 9LM) Manny Perea to third
|
Batting: RHB Barton Frazier
|
0-0: Swinging Strike 0-1: Swinging Strike 0-2: Foul Ball, location: 2F 0-2: Foul Ball, location: 2F 0-2: Ball 1-2: Ball 2-2: Foul Ball, location: 2F 2-2: Ground out 4-3 (Groundball, 4) Manny Perea scores Matt Reese to third
|
Batting: LHB Pete Weber
|
0-0: Called Strike 0-1: Foul Ball, location: 2F 0-2: Ball 1-2: Foul Ball, location: 2F 1-2: Ball 2-2: Strikes out swinging
|
Batting: SHB Bob Noble
|
0-0: Called Strike 0-1: Foul Ball, location: 2F 0-2: Foul Ball, location: 2F 0-2: Foul Ball, location: 2F 0-2: Ball 1-2: Ball 2-2: Ground out 4-3 (Groundball, 4M)
|
Bottom of the 2nd over - 1 run(s), 1 hit(s), 0 error(s), 1 left on base; Rio Grande 4 - Penquannock 1 |
TOP OF THE 3RD |
Rio Grande Rattlesnake batting - Pitching for Penquannock Overrated Jeter : LHP Héctor Díaz
|
Batting: RHB Liangde Que
|
0-0: Ball 1-0: Called Strike 1-1: Ball 2-1: Ball 3-1: Base on Balls
|
Batting: RHB Joe Courtier
|
0-0: Foul Ball, location: 2F 0-1: Ball 1-1: Foul Ball, location: 2F 1-2: Ball 2-2: SINGLE (Line Drive, 9S) Liangde Que to second
|
Batting: RHB Rafael Carreón
|
0-0: Ball 1-0: Called Strike 1-1: Ball 2-1: Foul Ball, location: 2F 2-2: SINGLE (Groundball, 56D) Liangde Que to third Joe Courtier to second
|
Batting: RHB Jeff Bane
|
0-0: Ball 1-0: Called Strike 1-1: Foul Ball, location: 2F 1-2: Ball 2-2: Ball 3-2: Base on Balls Liangde Que scores Joe Courtier to third Rafael Carreón to second
|
Batting: RHB Juan López
|
0-0: Foul Ball, location: 2F 0-1: Ball 1-1: Swinging Strike 1-2: Foul Ball, location: 2F 1-2: Strikes out swinging
|
Batting: SHB Jeremy Holmes
|
0-0: Ball 1-0: Fly out, F8 (Line Drive, 8LM) Runner from 3rd tags up, SCORES, throw made
|
Batting: RHB Doug Delaney
|
0-0: Foul Ball, location: 2F 0-1: Ball 1-1: Called Strike 1-2: Foul Ball, location: 2F 1-2: Strikes out swinging
|
Top of the 3rd over - 2 run(s), 2 hit(s), 0 error(s), 2 left on base; Rio Grande 6 - Penquannock 1 |
BOTTOM OF THE 3RD |
Penquannock Overrated Jeter batting - Pitching for Rio Grande Rattlesnake : RHP Neil Snow
|
Batting: RHB Doug Brown
|
0-0: Foul Ball, location: 2F 0-1: Fly out, F8 (Flyball, 8RM)
|
Batting: RHB Armando Pagán
|
0-0: Ball 1-0: Called Strike 1-1: Called Strike 1-2: Foul Ball, location: 2F 1-2: Foul Ball, location: 2F 1-2: Ball 2-2: Ball 3-2: Strikes out looking
|
Batting: SHB Tim Reid
|
0-0: Ground out U3 (Groundball, 34)
|
Bottom of the 3rd over - 0 run(s), 0 hit(s), 0 error(s), 0 left on base; Rio Grande 6 - Penquannock 1 |
TOP OF THE 4TH |
Rio Grande Rattlesnake batting - Pitching for Penquannock Overrated Jeter : LHP Héctor Díaz
|
Batting: RHB Gary Thomas
|
0-0: Called Strike 0-1: Ball 1-1: SINGLE (Groundball, 4MD)
|
Pitching: RHP Joaquín Rojas
|
|
Batting: RHB Paul Martin
|
0-0: Foul Ball, location: 2F 0-1: Fly out, F9 (Flyball, 9D)
|
Batting: RHB Liangde Que
|
0-0: Ground out 4-3 (Groundball, 4MD) Gary Thomas to second
|
Batting: RHB Joe Courtier
|
0-0: Called Strike 0-1: Called Strike 0-2: Ball 1-2: Strikes out swinging
|
Top of the 4th over - 0 run(s), 1 hit(s), 0 error(s), 1 left on base; Rio Grande 6 - Penquannock 1 |
BOTTOM OF THE 4TH |
Penquannock Overrated Jeter batting - Pitching for Rio Grande Rattlesnake : RHP Neil Snow
|
Batting: LHB Tony Green
|
0-0: Ball 1-0: SINGLE (Groundball, 4D)
|
Batting: RHB Manny Perea
|
0-0: Called Strike 0-1: Ball 1-1: Foul Ball, location: 2F 1-2: Fly out, F8 (Line Drive, 78M)
|
Batting: LHB Matt Reese
|
0-0: Ball 1-0: Swinging Strike 1-1: Ball 2-1: Ball 3-1: Base on Balls Tony Green to second
|
Batting: RHB Barton Frazier
|
0-0: DOUBLE (Flyball, 78D) Tony Green scores Matt Reese to third
|
Batting: LHB Pete Weber
|
0-0: Called Strike 0-1: Fly out, F4 (Line Drive, 34D)
|
Batting: SHB Bob Noble
|
0-0: Ball 1-0: Swinging Strike 1-1: Called Strike 1-2: Foul Ball, location: 2F 1-2: SINGLE (Line Drive, 4D) Matt Reese scores Barton Frazier to third Runner from 3rd tries for Home, SAFE, throw made home Bob Noble to second
|
Batting: RHB Doug Brown
|
0-0: Called Strike 0-1: 2-RUN HOME RUN (Flyball, 78XD), Distance : 420 ft
|
Batting: RHB Armando Pagán
|
0-0: Called Strike 0-1: Called Strike 0-2: Strikes out swinging
|
Bottom of the 4th over - 5 run(s), 4 hit(s), 0 error(s), 0 left on base; Rio Grande 6 - Penquannock 6 |
TOP OF THE 5TH |
Rio Grande Rattlesnake batting - Pitching for Penquannock Overrated Jeter : RHP Joaquín Rojas
|
Batting: RHB Rafael Carreón
|
0-0: Called Strike 0-1: Swinging Strike 0-2: Foul Ball, location: 2F 0-2: Strikes out swinging
|
Batting: RHB Jeff Bane
|
0-0: Ball 1-0: Fly out, F5 (Popup, 56D)
|
Batting: RHB Juan López
|
0-0: Called Strike 0-1: Foul Ball, location: 2F 0-2: Ball 1-2: Ground out 5-3 (Groundball, 56)
|
Top of the 5th over - 0 run(s), 0 hit(s), 0 error(s), 0 left on base; Rio Grande 6 - Penquannock 6 |
BOTTOM OF THE 5TH |
Penquannock Overrated Jeter batting - Pitching for Rio Grande Rattlesnake : RHP Neil Snow
|
Pitching: RHP Albert Gonzáles
|
|
Batting: SHB Tim Reid
|
0-0: Called Strike 0-1: Fly out, F4 (Line Drive, 4)
|
Batting: LHB Tony Green
|
0-0: Ground out 6-3 (Groundball, 6)
|
Batting: RHB Manny Perea
|
0-0: Called Strike 0-1: Fly out, F7 (Flyball, 7S)
|
Bottom of the 5th over - 0 run(s), 0 hit(s), 0 error(s), 0 left on base; Rio Grande 6 - Penquannock 6 |
TOP OF THE 6TH |
Rio Grande Rattlesnake batting - Pitching for Penquannock Overrated Jeter : RHP Joaquín Rojas
|
Batting: SHB Jeremy Holmes
|
0-0: Ball 1-0: Called Strike 1-1: Foul Ball, location: 2F 1-2: SINGLE (Groundball, 4MD)
|
Batting: RHB Doug Delaney
|
0-0: Swinging Strike 0-1: Called Strike 0-2: Strikes out looking
|
Batting: RHB Gary Thomas
|
0-0: Hit by Pitch Jeremy Holmes to second
|
Batting: RHB Paul Martin
|
0-0: Ball 1-0: Swinging Strike 1-1: Ball 2-1: SINGLE (Line Drive, 7S) Jeremy Holmes to third Gary Thomas to second Runner from 3rd tries for Home, SAFE, throw made home
|
Batting: RHB Liangde Que
|
0-0: DOUBLE (Line Drive, 78XD) Gary Thomas scores Paul Martin to third
|
Batting: RHB Joe Courtier
|
0-0: Ball 1-0: Swinging Strike 1-1: Ball 2-1: Foul Ball, location: 2F 2-2: Foul Ball, location: 2F 2-2: Ball Wild Pitch! Paul Martin scores Liangde Que to third 3-2: Foul Ball, location: 2F 3-2: Fly out, F8 (Line Drive, 8RM) Runner from 3rd tags up, SCORES, throw made
|
Batting: RHB Rafael Carreón
|
0-0: SINGLE (Groundball, 6D)
|
Pitching: RHP Toshikuni Nishimura
|
|
Batting: RHB Jeff Bane
|
0-0: Called Strike 0-1: Fielders Choice at 2nd, U4 (Groundball, 4M)
|
Top of the 6th over - 4 run(s), 4 hit(s), 0 error(s), 1 left on base; Rio Grande 10 - Penquannock 6 |
BOTTOM OF THE 6TH |
Penquannock Overrated Jeter batting - Pitching for Rio Grande Rattlesnake : RHP Albert Gonzáles
|
Batting: LHB Matt Reese
|
0-0: Ball 1-0: Called Strike 1-1: Ball 2-1: Swinging Strike 2-2: SINGLE (Groundball, 34D)
|
Batting: RHB Barton Frazier
|
0-0: Swinging Strike 0-1: SINGLE (Line Drive, 6MD) Matt Reese to second
|
Batting: LHB Pete Weber
|
0-0: Called Strike 0-1: Foul Ball, location: 2F 0-2: Strikes out swinging
|
Batting: SHB Bob Noble
|
0-0: Ball 1-0: Grounds into double play, 4-6-3 (Groundball, 4)
|
Bottom of the 6th over - 0 run(s), 2 hit(s), 0 error(s), 1 left on base; Rio Grande 10 - Penquannock 6 |
TOP OF THE 7TH |
Rio Grande Rattlesnake batting - Pitching for Penquannock Overrated Jeter : RHP Toshikuni Nishimura
|
Batting: RHB Juan López
|
0-0: Ball 1-0: Called Strike 1-1: Swinging Strike 1-2: Ball 2-2: Strikes out swinging
|
Batting: SHB Jeremy Holmes
|
0-0: Ball 1-0: Ball 2-0: Called Strike 2-1: Ball 3-1: Base on Balls
|
Batting: RHB Doug Delaney
|
0-0: Ball 1-0: Ball 2-0: Called Strike 2-1: Swinging Strike 2-2: Foul Ball, location: 2F 2-2: Strikes out looking
|
Batting: RHB Gary Thomas
|
0-0: Called Strike 0-1: Fly out, F4 (Flyball, 34D)
|
Top of the 7th over - 0 run(s), 0 hit(s), 0 error(s), 1 left on base; Rio Grande 10 - Penquannock 6 |
BOTTOM OF THE 7TH |
Penquannock Overrated Jeter batting - Pitching for Rio Grande Rattlesnake : RHP Albert Gonzáles
|
Batting: RHB Doug Brown
|
0-0: Ball 1-0: Foul Ball, location: 2F 1-1: Ball 2-1: Ground out 5-3 (Groundball, 56S)
|
Batting: RHB Armando Pagán
|
0-0: Called Strike 0-1: Swinging Strike 0-2: Ball 1-2: Foul Ball, location: 2F 1-2: Ball 2-2: Strikes out swinging
|
Batting: SHB Tim Reid
|
0-0: Ball 1-0: Ball 2-0: Ball 3-0: Base on Balls
|
Batting: LHB Tony Green
|
0-0: Ball 1-0: Foul Ball, location: 2F 1-1: Foul Ball, location: 2F 1-2: Ball 2-2: Strikes out swinging
|
Bottom of the 7th over - 0 run(s), 0 hit(s), 0 error(s), 1 left on base; Rio Grande 10 - Penquannock 6 |
TOP OF THE 8TH |
Rio Grande Rattlesnake batting - Pitching for Penquannock Overrated Jeter : RHP Toshikuni Nishimura
|
Batting: RHB Paul Martin
|
0-0: Ball 1-0: Called Strike 1-1: Ball 2-1: Swinging Strike 2-2: Ball 3-2: Strikes out swinging
|
Batting: RHB Liangde Que
|
0-0: Called Strike 0-1: Ball 1-1: Foul Ball, location: 2F 1-2: Strikes out swinging
|
Batting: RHB Joe Courtier
|
0-0: Ball 1-0: Swinging Strike 1-1: Foul Ball, location: 2F 1-2: Foul Ball, location: 2F 1-2: Strikes out swinging
|
Top of the 8th over - 0 run(s), 0 hit(s), 0 error(s), 0 left on base; Rio Grande 10 - Penquannock 6 |
BOTTOM OF THE 8TH |
Penquannock Overrated Jeter batting - Pitching for Rio Grande Rattlesnake : RHP Albert Gonzáles
|
Batting: RHB Manny Perea
|
0-0: Swinging Strike 0-1: Ball 1-1: Fly out, F9 (Flyball, 9)
|
Batting: LHB Matt Reese
|
0-0: Ball 1-0: Foul Ball, location: 2F 1-1: Swinging Strike 1-2: Strikes out looking
|
Pitching: RHP Frank Martin
|
|
Batting: RHB Barton Frazier
|
0-0: Ball 1-0: Ground out 1-3 (Groundball, 13S)
|
Bottom of the 8th over - 0 run(s), 0 hit(s), 0 error(s), 0 left on base; Rio Grande 10 - Penquannock 6 |
TOP OF THE 9TH |
Rio Grande Rattlesnake batting - Pitching for Penquannock Overrated Jeter : RHP Toshikuni Nishimura
|
Batting: RHB Rafael Carreón
|
0-0: Ball 1-0: DOUBLE (Flyball, 78D)
|
Batting: RHB Jeff Bane
|
0-0: Ball 1-0: Ball 2-0: Called Strike 2-1: DOUBLE (Line Drive, 78M) Rafael Carreón scores
|
Batting: RHB Juan López
|
0-0: Fly out, F7 (Flyball, 7)
|
Batting: SHB Jeremy Holmes
|
0-0: Ball 1-0: Called Strike 1-1: Fly out, F8 (Flyball, 8LM)
|
Batting: RHB Doug Delaney
|
0-0: Swinging Strike 0-1: Called Strike 0-2: Foul Ball, location: 2F 0-2: Foul Ball, location: 2F 0-2: Foul Ball, location: 2F 0-2: Strikes out swinging
|
Top of the 9th over - 1 run(s), 2 hit(s), 0 error(s), 1 left on base; Rio Grande 11 - Penquannock 6 |
BOTTOM OF THE 9TH |
Penquannock Overrated Jeter batting - Pitching for Rio Grande Rattlesnake : RHP Frank Martin
|
Batting: LHB Pete Weber
|
0-0: Fly out, F9 (Line Drive, 9)
|
Batting: SHB Bob Noble
|
0-0: Ball 1-0: Swinging Strike 1-1: Fly out, F5 (Line Drive, 5S)
|
Batting: RHB Doug Brown
|
0-0: Foul Ball, location: 2F 0-1: Ball 1-1: Fly out, F8 (Flyball, 8LS)
|
Bottom of the 9th over - 0 run(s), 0 hit(s), 0 error(s), 0 left on base; Rio Grande 11 - Penquannock 6 |
|